 Dungeon Crawl Stone Soup version 0.29.1-1-gd02db6906a (webtiles) character file.

Game seed: 2777097630754037291

696 groovy9 the Magician (level 7, -1/53 HPs)
             Began as a Djinni Conjurer on Sept 26, 2022.
             Slain by an orc warrior
             ... wielding a +0 short sword
              (13 damage)
             ... on level 5 of the Dungeon.
             The game lasted 00:12:14 (5454 turns).

groovy9 the Magician (Djinni Conjurer)              Turns: 5454, Time: 00:12:15

Health: -1/53      AC:  4    Str:  6    XL:     7   Next: 97%
Gold:   189        EV: 12    Int: 21    God:
                   SH:  0    Dex: 12

rFire   + + .      SeeInvis .   h - +0 dagger
rCold   x . .      Faith    .   (no shield)
rNeg    . . .      Spirit   .   a - +0 robe
rPois   ∞          Reflect  .   m - +0 helmet
rElec   .          Harm     .   (no cloak)
rCorr   .          Rampage  .   j - +0 pair of gloves
Will    .....      NoTele   +   (boots unavailable)
Stlth   ++........              (no amulet)
HPRegen 0.17/turn               (no ring)
MPRegen 0.00/turn               (no ring)

@: immobile, flying, very slightly contaminated
A: sickness immunity, fire resistance 2, cold vulnerability 1, float, innate
caster, HP casting, extra vitality 1
a: no special abilities


You were on level 5 of the Dungeon.
You visited 1 branch of the dungeon, and saw 6 of its levels.

You collected 189 gold pieces.

Inventory:

Hand Weapons
 h - a +0 dagger (weapon)
Armour
 a - a +0 robe (worn)
 j - a +0 pair of gloves (worn)
 m - a +0 helmet (worn)
Scrolls
 g - 3 scrolls of teleportation
Potions
 b - 2 potions of heal wounds
 c - 2 potions of degeneration
 d - a potion of resistance
 e - a potion of mutation {unknown}
 f - a potion of lignification
 i - 2 potions of ambrosia
 k - 4 potions of curing
 l - 2 potions of brilliance
 n - 2 potions of berserk rage


   Skills:
 + Level 4.4 Fighting
 - Level 2.1 Dodging
 - Level 1.5 Stealth
 * Level 6.1 Spellcasting


You couldn't memorise any spells.
You knew the following spells:

 Your Spells              Type           Power      Damage    Failure   Level
a - Magic Dart            Conj           100%       1d8       1%          1
b - Searing Ray           Conj           64%        2d6       1%          2
c - Dazzling Flash        Conj/Hex       64%        N/A       2%          3
d - Fulminant Prism       Conj/Hex       16%        3d11      8%          4
e - Iskenderun's Mystic   Conj/Tloc      32%        2d8       8%          4
f - Slow                  Hex            100%       N/A       1%          1
g - Blink                 Tloc           64%        N/A       1%          2
h - Inner Flame           Hex/Fire       32%        N/A       2%          3
Your spell library was empty.

Dungeon Overview and Level Annotations

Branches:
Dungeon (6/15)
 Temple: D:4-7

Altars:
Cheibriados

Shops:
D:1 [

Annotations:
D:6 2 runed translucent doors, BigDaddyOpFi's ghost, novice MiBe; Eustachio; Sigmund


Innate Abilities, Weirdness & Mutations

You are immune to sickness and miasma.
You are immune to poison.
Your flesh is very heat resistant. (rF++)
You are vulnerable to cold. (rC-)
You float through the air rather than walking.
You learn spells naturally, not from books.
Your magical power is your life essence.
You have superior vitality. (+4 MHP)


Message History

Aim: an orc, wielding a +0 club (almost dead, 81% to hit)
The searing ray misses the orc warrior.
The searing ray hits the orc!
You kill the orc! (Press . to maintain the ray.)
The searing ray misses the orc warrior.
The searing ray hits the orc.
The orc is heavily wounded.
The searing ray hits the orc.
The orc is almost dead.
The orc warrior barely misses you. The orc closely misses you.
Casting: Searing Ray (safe; 1% risk of failure)
Confirm with . or Enter, or press ? or * to list all spells.
You erupt in a blast of force!
The mystic blast hits the orc.
You kill the orc!
The mystic blast hits the howler monkey!
The howler monkey is heavily wounded.
The howler monkey is knocked back by the mystic blast.
The mystic blast hits the orc warrior but does no damage.
The orc warrior is moderately wounded.
You hear a howl!
The orc warrior hits you with a +0 short sword.
Casting: Iskenderun's Mystic Blast (dangerous; 8% risk of failure)
Confirm with . or Enter, or press ? or * to list all spells.
You miscast Iskenderun's Mystic Blast.
You are very lightly contaminated with residual magic.
Space bends around you.
You are magically locked in place.
The howler monkey hoots and howls with incredible vigour!
The orc warrior hits you with a +0 short sword!
* * * LOW HITPOINT WARNING * * *
Casting: Iskenderun's Mystic Blast (dangerous; 8% risk of failure)
Confirm with . or Enter, or press ? or * to list all spells.
Aiming: Searing Ray (safe; 1% risk of failure)
Press: ? - help, Shift-Dir - straight line, f - orc
Aim: an orc, wielding a +0 mace and wearing a +0 leather armour (severely wounded, 81% to hit)
The searing ray hits the orc warrior.
The orc warrior is heavily wounded.
The searing ray misses the orc. (Press . to maintain the ray.)
* * * LOW HITPOINT WARNING * * *
The orc warrior hits you with a +0 short sword!
You die...

.............##.....
#.#[............#
####.........##.#
####.......##
##))...#.#.
.##.##..........
.......oh.....#.
....###o##....# ...
#@# ....# ........#
#.!... ###...###
.#.h. ##.. ###.. #.
.. #. #.


You could see an orc warrior, a howler monkey and an orc.

Vanquished Creatures
  An ogre (D:3)
  A black bear (D:6)
  A phantom (D:5)
  2 necrophages
  An orc priest (D:5)
  A hound (D:5)
  Jessica (D:3)
  Natasha (thrice) (D:2)
  Robin (D:2)
  6 adders
  3 worms
  3 dart slugs
  7 orcs
  7 endoplasms
  2 giant cockroaches
  18 goblins
  4 hobgoblins
  11 jackals
  5 kobolds
  3 quokkas
  4 ball pythons
  6 bats
  2 frilled lizards (D:2)
  5 rats
98 creatures vanquished.

Notes
Turn   | Place    | Note
-------+----------+-------------------------------------------
     0 | D:1      | groovy9 the Djinni Conjurer began the quest for the Orb.
     0 | D:1      | groovy9 set off with the following spells memorised: Magic
                  | Dart, Searing Ray, Dazzling Flash, Fulminant Prism,
                  | Iskenderun's Mystic Blast.
     0 | D:1      | Reached XP level 1. HP: 15/15 MP: 0/0
   376 | D:1      | Reached XP level 2. HP: 17/22 MP: 0/0
   509 | D:1      | Found Byenuv's Antique Armour Boutique.
   563 | D:1      | Reached skill level 1 in Fighting
   897 | D:1      | Reached XP level 3. HP: 24/27 MP: 0/0
   897 | D:1      | Learned a level 1 spell: Slow
  1851 | D:2      | Noticed Natasha
  1858 | D:2      | Killed Natasha
  1859 | D:2      | Reached skill level 4 in Spellcasting
  1859 | D:2      | Reached XP level 4. HP: 23/33 MP: 0/0
  2215 | D:2      | Noticed Robin
  2230 | D:2      | Killed Robin
  2234 | D:2      | Reached XP level 5. HP: 26/38 MP: 0/0
  2234 | D:2      | Learned a level 2 spell: Blink
  2468 | D:2      | Noticed Natasha
  2474 | D:2      | Killed Natasha
  3018 | D:2      | Noticed Natasha
  3024 | D:2      | Killed Natasha
  3472 | D:3      | Reached XP level 6. HP: 42/45 MP: 0/0
  3813 | D:3      | Noticed Jessica
  3814 | D:3      | Killed Jessica
  4102 | D:3      | Noticed an ogre
  4113 | D:3      | Killed an ogre
  4114 | D:3      | Reached skill level 5 in Spellcasting
  4544 | D:3      | Found a snail-covered altar of Cheibriados.
  5023 | D:4      | Reached XP level 7. HP: 42/50 MP: 0/0
  5023 | D:4      | Learned a level 3 spell: Inner Flame
  5288 | D:4      | You are sucked into a shaft and drop 2 floors!
  5312 | D:6      | Noticed Sigmund
  5406 | D:6      | Noticed Eustachio
  5409 | D:6      | Found a runed translucent gate.
  5409 | D:6      | Found a runed translucent gate.
  5409 | D:6      | Noticed BigDaddyOpFi's ghost (novice MiBe)
  5412 | D:5      | Entered Level 5 of the Dungeon
  5424 | D:5      | Reached skill level 6 in Spellcasting
  5454 | D:5      | Slain by an orc warrior

Illustrated notes

Levels and vault maps discovered:
D:1:      minmay_arrival_loop, layout_basic, serial_shops, nicolae_diamond_shop,
          minmay_pentomino_x2
D:2:      layout_loops_corners, uniq_robin, uniq_natasha
D:3:      layout_basic, chei_slow_surprise, wad_floor_pattern_1,
          kennysheep_generic_room_16, uniq_jessica
D:4:      layout_loops_cross
D:5:      layout_cave_pools, minitemple, minmay_temple_entry_nine_rooms,
          cheibrodos_sewer_entry_sluice
D:6:      layout_basic, gammafunk_ghost_nasty_kobolds, chequers_avenue,
          uniq_maggie, uniq_sigmund, uniq_eustachio

Skill      XL: |  1  2  3  4  5  6  7 |
---------------+----------------------+-----
Fighting       | 1 2 3 4 |  4.4
Spellcasting   | 4 5 6 |  6.1
Dodging        | |  2.1
Stealth        | |  1.5

Action                   |  1- 3 |  4- 6 |  7- 9 || total
-------------------------+-------+-------+-------++-------
 Cast: Magic Dart        |    62 |    60 |     2 ||   124
       Searing Ray       |     5 |    27 |    14 ||    46
       Iskenderun's Myst |       |     2 |     3 ||     5
       Slow              |       |     2 |       ||     2
       Blink             |       |       |     1 ||     1
       Inner Flame       |       |       |     1 ||     1
  Use: Scroll            |       |    11 |     1 ||    12
       Potion            |       |       |     1 ||     1
Armor: Robe              |     3 |     1 |     3 ||     7
Dodge: Dodged            |     3 |     6 |    12 ||    21
